AoeStats
← vitor_age2

Oasis

509991933Analyzed
3v3 RM · 2d ago on Sep 28, 2026· 51m 0s· 6 players
Game mode
Random Map
Map size
Normal (6 player)
Population
200
Speed
Normal
Resources
Standard
Victory
Conquest
Starting age
Dark Age
Ending age
Imperial Age
RankedLock teamsTeams togetherTeam positionsShared explorationLock speedFull tech treeHidden civsTurbo modeCheats
Victory
Defeat
🇪🇸 Hindustanis · Spain
1050
+13
🇩🇴 Varangians · Dominican Republic
1046
+13
🇷🇺 Celts · Russia
1033
+14
🇧🇷 Magyars · Brazil
1027
-15
🇧🇷 Varangians · Brazil
982
-13
🇧🇷 Cumans · Brazil
956
-12
faraon_1430
12:46 Feudal Age
11:02 Loom
17:43 Bloodlines
29:36 Castle Age
28:04 Double-Bit Axe
28:01 Horse Collar
28:14 Gold Mining
30:19 Wheelbarrow
31:29 Forging
31:25 Scale Barding Armor
34:01 Town Watch
36:35 Iron Casting
36:21 Chain Barding Armor
41:12 Imperial Age
39:10 Fletching
41:18 Vendel Legacy
42:10 Heavy Plow
42:28 Hand Cart
41:53 Elite Jarl
43:28 Conscription
43:16 Gothikon
45:35 Blast Furnace
45:11 Plate Barding Armor
44:33 Bodkin Arrow
45:25 Husbandry
49:45 Spies/Treason
Cairo
0:44 Loom
12:50 Feudal Age
13:21 Double-Bit Axe
13:17 Horse Collar
24:37 Castle Age
23:24 Gold Mining
23:49 Stone Mining
25:43 Pikeman
26:09 Gambesons
28:22 Forging
33:27 Town Watch
38:00 Heavy Plow
40:42 Elite Skirmisher
42:12 Wheelbarrow
44:55 Gold Shaft Mining
45:12 Town Patrol
49:11 Imperial Age
48:19 Iron Casting
47:44 Scale Mail Armor
47:08 Crossbowman
47:37 Arson
49:22 Stone Shaft Mining
49:01 Bow Saw
49:10 Hand Cart
49:18 Ballistics
49:28 Fortified Wall
51:45 Chemistry
51:24 Fletching
51:35 Padded Archer Armor
Tracia
5:03 Loom
10:39 Feudal Age
11:40 Double-Bit Axe
13:09 Man-at-Arms
14:40 Wheelbarrow
14:55 Town Watch
15:09 Horse Collar
28:04 Castle Age
26:16 Scale Mail Armor
26:07 Arson
26:44 Gold Mining
27:06 Forging
28:12 Pikeman
29:10 Chain Mail Armor
30:20 Iron Casting
29:48 Squires
29:54 Fletching
30:41 Bow Saw
32:25 Heavy Plow
36:35 Bodkin Arrow
45:04 Imperial Age
44:31 Gold Shaft Mining
45:32 Hand Cart
45:23 Town Patrol
47:06 Blast Furnace
46:33 Conscription
45:49 Spies/Treason
47:01 Conscription
48:31 Two-Man Saw
47:53 Husbandry
48:04 Bloodlines
48:12 Scale Barding Armor
48:03 Heavy Camel Rider
48:12 Light Cavalry
50:57 Chain Barding Armor
50:39 Bracer
50:01 Hussar
gabriel.o2511
9:51 Feudal Age
13:13 Bloodlines
25:36 Castle Age
23:39 Stone Mining
23:52 Horse Collar
27:39 Gold Mining
33:52 Gold Shaft Mining
33:31 Husbandry
NannoD
9:48 Feudal Age
9:54 Loom
21:33 Wheelbarrow
20:45 Double-Bit Axe
22:11 Gold Mining
22:11 Stone Mining
25:26 Horse Collar
30:53 Castle Age
33:28 Hand Cart
39:16 Imperial Age
38:00 Heavy Plow
38:13 Bow Saw
vitor_age2
5:18 Loom
10:26 Feudal Age
13:39 Bloodlines
13:41 Double-Bit Axe
15:46 Wheelbarrow
16:53 Forging
21:43 Horse Collar
29:52 Castle Age
28:31 Scale Barding Armor
36:56 Light Cavalry
37:39 Husbandry
Connection lost

Rejoining the realm…

Still unreachable

The connection could not be restored.

Session expired

The server has moved on; the page needs a fresh start.